 Dungeon Sprint DCSS version 0.30-a0-250-g41c1d76940 (webtiles) character file.

Game seed: 5455474069494329588

2921 ytrimaz the Fighter (level 9, -11/94 HPs)
             Began as a Minotaur Berserker on Oct 12, 2022.
             Was a High Priest of Trog.
             Mangled by a demonic crawler (13 damage)
             ... in the Dungeon (Sprint I: "Red Sonja").
             The game lasted 00:01:47 (770 turns).

ytrimaz the Fighter (Minotaur Berserker)             Turns: 770, Time: 00:01:47

Health: -11/94     AC:  3    Str: 27    XL:     9   Next: 50%
Magic:  8/8        EV: 15    Int:  4    God:    Trog [*****.]
Gold:   520        SH:  0    Dex:  9    Spells: 8/8 levels left

rFire   . . .      SeeInvis .    a - +0 hand axe
rCold   . . .      Faith    .    (no shield)
rNeg    . . .      Spirit   .    b - +0 animal skin
rPois   .          Reflect  .    (helmet restricted)
rElec   .          Harm     .    (no cloak)
rCorr   .          Rampage  .    (no gloves)
Will    .....      NoTele   +    (no boots)
Stlth   +.........               (no amulet)
HPRegen 0.35/turn                (no ring)
MPRegen 0.11/turn                (no ring)

@: on berserk cooldown, slowed, very slow
A: horns 2, retaliatory headbutt
a: Renounce Religion, Berserk, Trog's Hand, Brothers in Arms


You were in the Dungeon.
You worshipped Trog.
Trog was extremely pleased with you.
You visited 1 branch You collected 520 gold pieces.


Innate Abilities, Weirdness & Mutations

You have a pair of horns on your head.
You reflexively headbutt those who attack you in melee.


   Skills:
 + Level 13.6 Fighting
 + Level 13.6 Axes
 + Level 13.4 Armour
 + Level 12.3 Dodging


You had 8 spell levels left.
You didn't know any spells.
Your spell library was empty.

Inventory:

Hand Weapons
 a - a +0 hand axe (weapon)
Armour
 b - a +0 animal skin (worn)
Wands
 i - a wand of roots (2) (quivered)
   (You took it off Ijyb in the Dungeon)
 j - a wand of digging (7)
   (You took it off Sigmund in the Dungeon)
Scrolls
 h - a scroll of blinking
Potions
 d - 2 potions of heal wounds
 e - a potion of haste
 f - 2 potions of magic
 g - a potion of berserk rage

Dungeon Overview and Level Annotations

Branches:
Dungeon (1/1) Zot: 27000

Altars:
Cheibriados
Dithmenos
Elyvilon
Fedhas
Gozag
Hepliaklqana
Kikubaaqudgha
Makhleb
Nemelex Xobeh
Okawaru
Qazlal
Ru
Sif Muna
Trog
Uskayaw
Vehumet
Wu Jian
Xom
Yredelemnul
Zin
The Shining One
Jiyva
Lugonu

Shops:
D [

Annotations:
D exclusion: door

#################
#..'..#__#..'...#
').#..'..'..#).†##+#
#####'#__####)..@s.#
#...#.####=$#####..+
#..##:#~§§§c '##
##'#_.+§§§§§ ○○
.÷..._#§§§§c# ○○.
##_.#'##+#### #○°°
###'#.# °.°# ###.###
.○## +...+


You could see a demonic crawler.


Message History

You kill the demonic crawler!
Trog accepts your kill.
Your Fighting skill increases to level 13!
Your Axes skill increases to level 13!
You now have 139 max hp (+1).
You are too injured to fight recklessly!
You barely miss the demonic crawler. You headbutt the demonic crawler!
The demonic crawler shrieks in warning! 😨 HP[+1]
You are too injured to fight recklessly!
You barely miss the demonic crawler.
Unknown command.
You are too injured to fight recklessly!
You slash the demonic crawler!
Your headbutt misses the demonic crawler.
The demonic crawler shrieks in warning!
The demonic crawler hits you but does no damage.
The demonic crawler hits you!
* * * LOW HITPOINT WARNING * * *
The demonic crawler hits you but does no damage. 😨 HP[-7]
You take 7 damage, and now have 55/139 hp.
You are too injured to fight recklessly!
You completely miss the demonic crawler.
Unknown command.
You are too injured to fight recklessly!
You slash the demonic crawler!
You are too injured to fight recklessly!
You hit the gargoyle but do no damage. You hit the demonic crawler.
Unknown command.
You hit the gargoyle but do no damage. You headbutt the gargoyle!!
You hit the demonic crawler.
You kill the demonic crawler!
Trog accepts your kill.
Trog will now gift you melee weapons as you gain piety.
Your Armour skill increases to level 13!
Your Dodging skill increases to level 12!
You are too injured to fight recklessly!
You hit the gargoyle but do no damage. You headbutt the gargoyle!
You destroy the gargoyle!
Trog accepts your kill.
You are too injured to fight recklessly! 😨 HP[+1]
You now have 141 max hp (+2).
Unknown command.
The demonic crawler hits you.
* * * LOW HITPOINT WARNING * * *
The demonic crawler hits you.
* * * LOW HITPOINT WARNING * * *
The demonic crawler barely misses you.
There is an open door, spattered with blood here.
You see here a +0 flail.
You are too injured to fight recklessly! 😨 HP[-6]
You take 6 damage, and now have 50/141 hp.
You hit the demonic crawler but do no damage.
You headbutt the demonic crawler!!
The demonic crawler shrieks in warning!
You are too injured to fight recklessly!
You are too injured to fight recklessly!
You barely miss the demonic crawler. You headbutt the demonic crawler!
Unknown command.
You are too injured to fight recklessly!
You hit the demonic crawler.
The demonic crawler closely misses you. x2
The demonic crawler barely misses you.
You are too injured to fight recklessly!
You slash the demonic crawler!
Unknown command.
You hit the demonic crawler but do no damage.
You headbutt the demonic crawler, but do no damage.
The demonic crawler hits you.
* * * LOW HITPOINT WARNING * * *
The demonic crawler hits you!
* * * LOW HITPOINT WARNING * * *
The demonic crawler misses you.
You are too injured to fight recklessly! 😨 HP[-9]
You take 9 damage, and now have 41/141 hp.
You hit the demonic crawler.
You punch the demonic crawler, but do no damage.
You are too injured to fight recklessly!
You hit the demonic crawler.
Your headbutt misses the demonic crawler.
You are no longer berserk.
You are exhausted.
You feel yourself slow down. The demonic crawler hits you!
* * * LOW HITPOINT WARNING * * *
The demonic crawler hits you!
* * * LOW HITPOINT WARNING * * *
The demonic crawler misses you.
You hit the demonic crawler but do no damage.
The demonic crawler closely misses you.
The demonic crawler misses you. x2 😱 HP[-40]
You now have 94 max hp (-47).
You are too injured to fight recklessly!
You hit the demonic crawler.
The demonic crawler completely misses you.
The demonic crawler hits you!
You die...

Skill      XL: |  1  2  3  4  5  6  7  8  9 |
---------------+----------------------------+-----
Fighting       | 4 6 8 11 12 13 | 13.6
Axes           | 5 6 8 11 12 13 | 13.6
Armour         | 4 6 7 10 11 12 13 | 13.4
Dodging        | 3 5 7 9 10 11 12 | 12.3

Action                   |  1- 3 |  4- 6 |  7- 9 || total
-------------------------+-------+-------+-------++-------
Melee: Hand axe          |    15 |    13 |    43 ||    71
       Headbutt          |     1 |     2 |    14 ||    17
       Punch             |       |       |     1 ||     1
Invok: Berserk           |     2 |     2 |     3 ||     7
Evoke: Wand              |       |     6 |       ||     6
  Use: Potion            |       |     1 |       ||     1
Armor: Animal skin       |       |     1 |     9 ||    10
Dodge: Dodged            |     7 |    11 |    24 ||    42

Levels and vault maps discovered:
D:        dungeon_sprint_1 [red_sonja_temple_1, red_sonja_temple_small_1]

Notes
Turn   | Place    | Note
-------+----------+-------------------------------------------
     0 | D        | ytrimaz the Minotaur Berserker began the quest for the Orb.
     0 | D        | Reached XP level 1. HP: 19/19 MP: 0/0
     0 | D        | magus.rc [v1.9.6]
     1 | D        | Noticed Ijyb
    14 | D        | Killed Ijyb
    15 | D        | Reached skill level 4 in Fighting
    15 | D        | Reached skill level 5 in Axes
    15 | D        | Reached skill level 4 in Armour
    15 | D        | Reached skill level 3 in Dodging
    15 | D        | Reached XP level 2. HP: 27/28 MP: 1/1
    48 | D        | Noticed an ogre
    53 | D        | Killed an ogre
    54 | D        | Reached skill level 6 in Fighting
    54 | D        | Reached skill level 6 in Axes
    54 | D        | Reached skill level 6 in Armour
    54 | D        | Reached skill level 5 in Dodging
    54 | D        | Reached XP level 3. HP: 32/38 MP: 2/2
    54 | D        | Reached XP level 4. HP: 37/45 MP: 3/3
    99 | D        | Noticed Sigmund
   106 | D        | Killed Sigmund
   106 | D        | Reached ** piety under Trog
   107 | D        | Reached skill level 8 in Fighting
   107 | D        | Reached skill level 8 in Axes
   107 | D        | Reached skill level 7 in Armour
   107 | D        | Reached skill level 7 in Dodging
   107 | D        | Reached XP level 5. HP: 53/53 MP: 4/4
   107 | D        | Reached XP level 6. HP: 61/61 MP: 5/5
   189 | D        | Found an ornate altar of the Wu Jian Council.
   189 | D        | Found a shimmering blue altar of Sif Muna.
   191 | D        | Found a radiant altar of Vehumet.
   196 | D        | Reached skill level 8 in Armour
   264 | D        | Noticed a centaur warrior
   267 | D        | Noticed a centaur warrior
   292 | D        | Found Jublehu's Antique Armour Emporium.
   292 | D        | Found an ancient bone altar of Kikubaaqudgha.
   292 | D        | Found a hazy altar of Hepliaklqana.
   292 | D        | Found a hide-covered altar of Uskayaw.
   292 | D        | Found a basalt altar of Yredelemnul.
   292 | D        | Found an opulent altar of Gozag.
   292 | D        | Found a snail-covered altar of Cheibriados.
   292 | D        | Found a sacrificial altar of Ru.
   292 | D        | Found a shadowy altar of Dithmenos.
   292 | D        | Noticed a yak
   298 | D        | Killed a yak
   299 | D        | Reached skill level 9 in Fighting
   299 | D        | Reached skill level 9 in Axes
   299 | D        | Reached skill level 9 in Armour
   299 | D        | Reached skill level 8 in Dodging
   299 | D        | Found a stormy altar of Qazlal.
   299 | D        | Found a blossoming altar of Fedhas.
   299 | D        | Found a bloodstained altar of Trog.
   299 | D        | Found an iron altar of Okawaru.
   299 | D        | Found a glowing golden altar of the Shining One.
   299 | D        | Found a glowing silver altar of Zin.
   299 | D        | Found a white marble altar of Elyvilon.
   300 | D        | Found a sparkling altar of Nemelex Xobeh.
   327 | D        | Noticed Sonja
   338 | D        | Killed Sonja
   338 | D        | Reached *** piety under Trog
   338 | D        | HP: 14/64 [poisoned by Sonja (curare-tipped dart)]
   339 | D        | Reached skill level 11 in Fighting
   339 | D        | Reached skill level 11 in Axes
   339 | D        | Reached skill level 10 in Armour
   339 | D        | Reached skill level 9 in Dodging
   339 | D        | Reached XP level 7. HP: 17/74 MP: 6/6
   343 | D        | HP: 10/74 [poisoned by Sonja (curare-tipped dart)]
   551 | D        | Found a burning altar of Makhleb.
   551 | D        | Found a viscous altar of Jiyva.
   551 | D        | Found a shimmering altar of Xom.
   551 | D        | Found a corrupted altar of Lugonu.
   551 | D        | Noticed a slime creature
   555 | D        | Killed a slime creature
   556 | D        | Reached skill level 11 in Armour
   556 | D        | Reached skill level 10 in Dodging
   556 | D        | Reached XP level 8. HP: 82/82 MP: 7/7
   595 | D        | Noticed a kobold demonologist
   596 | D        | Noticed a kobold demonologist
   597 | D        | Noticed an orange demon
   607 | D        | Noticed an ice devil
   609 | D        | Killed a kobold demonologist
   610 | D        | Reached skill level 12 in Fighting
   610 | D        | Reached skill level 12 in Axes
   612 | D        | Killed a kobold demonologist
   612 | D        | Reached **** piety under Trog
   613 | D        | Reached skill level 12 in Armour
   613 | D        | Reached skill level 11 in Dodging
   738 | D        | Noticed a demonic crawler
   738 | D        | Noticed a demonic crawler
   738 | D        | Noticed a demonic crawler
   738 | D        | Noticed a demonic crawler
   745 | D        | Killed a demonic crawler
   746 | D        | Reached XP level 9. HP: 92/92 MP: 8/8
   750 | D        | Noticed a gargoyle
   752 | D        | Killed a demonic crawler
   753 | D        | Reached skill level 13 in Fighting
   753 | D        | Reached skill level 13 in Axes
   759 | D        | Killed a demonic crawler
   759 | D        | Reached ***** piety under Trog
   760 | D        | Reached skill level 13 in Armour
   760 | D        | Reached skill level 12 in Dodging
   760 | D        | Killed a gargoyle
   768 | D        | HP: 15/94 [demonic crawler (12)]
   768 | D        | HP: 1/94 [demonic crawler (14)]
   770 | D        | Mangled by a demonic crawler

Vanquished Creatures
  Sonja (D)
  A gargoyle (D)
  3 demonic crawlers (D)
  2 kobold demonologists (D)
  A slime creature (D)
  Sigmund (D)
  A yak (D)
  A floating eye (D)
  An ogre (D)
  A jelly (D)
  Ijyb (D)
14 creatures vanquished.

Table legend:
 A = Non-vault XP
 B = Vault XP
 C = Vault XP percentage of total XP
 D = Non-vault monster count
 E = Vault monster count
 F = Vault count percentage of total count
                 A         B        C        D         E       F
            +---------+---------+-------+---------+---------+-------
      Total |       0 |    4173 | 100.0 |       0 |      14 | 100.0
            +---------+---------+-------+---------+---------+-------
          D |       0 |    4173 | 100.0 |       0 |      14 | 100.0
            +---------+---------+-------+---------+---------+-------

Illustrated notes

Table legend:
 A = Kills in this place as a percentage of kills in entire the game.
 B = Kills by you in this place as a percentage of kills by you in the entire game.
 C = Kills by friends in this place as a percentage of kills by friends in the entire game.
 D = Other kills in this place as a percentage of other kills in the entire game.
 E = Experience gained in this place as a percentage of experience gained in the entire game.
 F = Experience gained in this place divided by the number of levels of this place that you have seen.
                   A       B       C       D       E      F
               +-------+-------+-------+-------+-------+----------------------
         Total | 100.0 | 100.0 |   N/A |   N/A | 100.0 | 4173.0
       Dungeon | 100.0 | 100.0 |   N/A |   N/A | 100.0 | 4173.0
               +-------+-------+-------+-------+-------+----------------------

Table legend: (Time is in decaauts)
 A = Elapsed time spent in this place.
 B = Non-inter-level travel time spent in this place.
 C = Inter-level travel time spent in this place.
 D = Time resting spent in this place.
 E = Time spent auto-exploring this place.
 F = Levels seen in this place.
 G = Mean time per level.
                   A        B        C        D        E       F      G
               +--------+--------+--------+--------+--------+-----+--------+
         Total |    810 |    810 |      0 |    354 |    272 |   1 |  810.0 |
       Dungeon |    810 |    810 |      0 |    354 |    272 |   1 |  810.0 |
               +--------+--------+--------+--------+--------+-----+--------+

Top non-repeatable levels by time:
       D: 810 daAuts
